Cogmind - Beta 11.1 @@@ ROGUE MODE // 2022.09.23 @ 15:33:49 Player: ClassActJerk Result: Self-destructed Performance ------------- Evolutions (1) 500 Regions Visited (2) 400 Robots Destroyed (23) 115 Value Destroyed (771) 771 Prototype IDs (1) 20 Alien Tech Used (0) 0 Bonus (30) 30 TOTAL SCORE: 1836 Bonus ------- High Alert Combat Kills 30 Cogmind --------- Core Integrity 126/400 Matter 216/300 Energy 11/100 System Corruption 0% Temperature Cool (0) Movement Walking (120) Location -9/Materials Parts ------- > --- POWER (1) -------- (None) > --- PROPULSION (2) --- Aluminum Leg Aluminum Leg > --- UTILITY (4) ------ Small Storage Unit Weight Redist. System Visual Processing Unit ECM Suite > --- WEAPON (2) ------- Particle Gun > --- INVENTORY (8) ---- Improved Flight Unit Weight Redist. System Improved EM Shotgun Improved Assault Rifle Peak State ------------ > --- POWER ------------ Ion Engine > --- PROPULSION ------- Aluminum Leg Aluminum Leg > --- UTILITY ---------- Small Storage Unit Weight Redist. System Visual Processing Unit ECM Suite > --- WEAPON ----------- Particle Gun Heavy Assault Rifle > --- INVENTORY -------- Improved Flight Unit Weight Redist. System Improved EM Shotgun Improved Assault Rifle [Rating: 14] Favorites ----------- Power Ion Engine Engine Ion Engine Propulsion Aluminum Leg Treads Light Treads Leg Aluminum Leg Flight Unit Improved Flight Unit Utility Small Storage Unit Device ECM Suite Storage Small Storage Unit Processor Visual Processing Unit Weapon Small Laser Energy Gun Small Laser Ballistic Gun Assault Rifle Build | -11 -10 -9 ------- Run | Scr Mat Mat Slots Evolved 2 | . . 2 Power . | . . . Propulsion . | . . . Utility 2 | . . 2 Weapon . | . . . Parts Attached 24 | 5 6 13 Power 5 | 1 2 2 Engine 5 | 1 2 2 Core . | . . . Reactor . | . . . Propulsion 8 | 1 2 5 Treads 1 | . . 1 Leg 6 | 1 2 3 Wheel . | . . . Hover . | . . . Flight 1 | . . 1 Utility 5 | 1 1 3 Device 2 | . . 2 Storage 2 | 1 . 1 Processor 1 | . 1 . Hackware . | . . . Protection . | . . . Artifact . | . . . Weapon 6 | 2 1 3 Energy Gun 3 | 1 1 1 Energy Cannon . | . . . Ballistic Gun 3 | 1 . 2 Ballistic Cannon . | . . . Launcher . | . . . Special Weapon . | . . . Impact Weapon . | . . . Slashing Weapon . | . . . Piercing Weapon . | . . . Special Melee Weapon . | . . . Unidentified Prototypes 1 | . . 1 Parts Lost 8 | . 2 6 Power 5 | . 2 3 Propulsion 1 | . . 1 Utility . | . . . Weapon 2 | . . 2 Highest Loss Streak 3 | . 1 3 To Critical Strikes . | . . . Average Slot Usage (%) 80 | . 71 83 Engine 9 | . 7 10 Treads 1 | . . 1 Leg 12 | . 21 9 Flight 3 | . . 4 Device 13 | . . 18 Storage 11 | . 14 11 Processor 7 | . . 11 Energy Gun 7 | . 14 5 Ballistic Gun 12 | . 14 11 Naked Turns . | . . . Heaviest Build 18 | 11 13 18 Greatest Support 26 | 10 20 26 Greatest Overweight (x) 1 | 1 1 1 Average Overweight (x) . | . . . Largest Inventory Capacity 8 | 8 8 8 Average Capacity 7 | 7 8 7 Most Carried 8 | 5 6 8 Average Carried 4 | 3 3 4 Final Capacity 8 | 8 8 8 Final Carried 4 | 3 4 4 Class Distribution -------------------- 61% | Mutant 38% | Scavenger-Mutant Dominant Class ---------------- Mutant | -10/Materials Scavenger-Mutant | -9/Materials Resources | -11 -10 -9 ----------- Run | Scr Mat Mat Matter Collected 625 | 238 130 257 Remotely . | . . . Salvage Created 1026 | . 305 721 Parts 47 | . 13 34 Haulers Intercepted 2 | . . 2 Recyclers Shooed 1 | . 1 . Parts Field Recycled . | . . . Retrieved Matter . | . . . Parts Self-Destructed . | . . . Prevented . | . . . Kills | -11 -10 -9 ------- Run | Scr Mat Mat Combat Hostiles Destroyed 19 | . 7 12 Guns 19 | . 7 12 Classes Destroyed 6 | . 2 4 Hauler 2 | . . 2 Recycler 1 | . . 1 Watcher 1 | . 1 . Grunt 17 | . 7 10 Duelist 1 | . . 1 Sentry 1 | . . 1 Best Kill Streak 6 | . 3 6 Combat Bots Only 5 | . 3 5 Max Kills in Single Turn 1 | . 1 1 Gunslinging . | . . . Exploded . | . . . Melee . | . . . Uniques/NPCs Destroyed . | . . . Combat | -11 -10 -9 -------- Run | Scr Mat Mat Damage Taken 1518 | . 473 1045 Core 373 | . 99 274 Absorbed by Shields . | . . . Core Remaining (%) 80 | 100 60 . Volleys Fired 109 | . 28 81 Largest 2 | . 2 2 Hottest 88 | . 60 88 Shots Fired 195 | . 56 139 Gun 195 | . 56 139 Cannon . | . . . Launcher . | . . . Special . | . . . Kinetic 129 | . 28 101 Thermal 66 | . 28 38 Explosive . | . . . Electromagnetic . | . . . Robot Hit Streak 13 | . 8 13 Robot Miss Streak 5 | . 5 4 Penetration Max . | . . . Secondary Targets 2 | . . 2 Max Gunslinging Chain 1 | . . 1 Shots Hit Robots 130 | . 35 95 Core Hits 53 | . 19 34 Critical Kills 1 | . . 1 Critical Parts Destroyed . | . . . Critical Strikes 1 | . . 1 Destroy 1 | . . 1 Melee Attacks . | . . . Impact . | . . . Slashing . | . . . Piercing . | . . . Sneak Attacks . | . . . Combat Hostiles . | . . . Follow-up Attacks . | . . . Damage Inflicted 1555 | . 434 1121 Guns 1555 | . 434 1121 Cannons . | . . . Explosions . | . . . Melee . | . . . Ramming . | . . . Kinetic 1062 | . 246 816 Thermal 493 | . 188 305 Explosive . | . . . Electromagnetic . | . . . Impact . | . . . Slashing . | . . . Piercing . | . . . Highest Corruption . | . . . Average Corruption . | . . . Corruption Purged . | . . . Corruption Blocked . | . . . Overload Shots . | . . . Overflow Damage . | . . . Projectiles . | . . . Explosions . | . . . Melee . | . . . Knockbacks . | . . . Impact . | . . . Kinetic . | . . . Secondary . | . . . Self-Inflicted Damage . | . . . Shots . | . . . Rammed . | . . . Targets Rammed . | . . . Kicked . | . . . Crushed . | . . . Highest Temperature 78 | . 78 38 Average Temperature 17 | . 29 11 Received Heat Transfer 801 | . 252 549 Siege Activations . | . . . Robots Corrupted . | . . . Combat Hostiles . | . . . Parts Fried . | . . . Impact Corruptions . | . . . Robots Melted . | . . . Combat Hostiles . | . . . Parts Melted 2 | . 1 1 Heat Transferred 1098 | . 425 673 Parts Sabotaged . | . . . Parts Stolen . | . . . Parts Stripped . | . . . Power Chain Reactions . | . . . Missiles Intercepted . | . . . Alert | -11 -10 -9 ------- Run | Scr Mat Mat Peak Influence 462 | . 232 462 Initial 97 | . . 97 Average 210 | . 120 267 Maximum Alert Level 2 | . 1 2 Low Security (%) 50 | 100 86 30 Level 1 36 | . 13 50 Level 2 12 | . . 19 Level 3 . | . . . Level 4 . | . . . Level 5 . | . . . High Security . | . . . Max Security . | . . . Squads Dispatched 1 | . 1 . Investigation . | . . . Extermination . | . . . Reinforcement 1 | . 1 . Assault . | . . . Garrison . | . . . Intercept . | . . . Searches Triggered . | . . . Construction Impeded . | . . . Haulers Reinforced . | . . . Active Scanning Responses . | . . . Cargo Convoy Interrupts . | . . . Stealth | -11 -10 -9 --------- Run | Scr Mat Mat Distress Signals 4 | . . 4 Communications Jammed . | . . . Distress Signals . | . . . Times Spotted 40 | . 12 28 Peak Tracking Total 8 | . 4 8 Tactical Retreats 7 | . 2 5 Traps | -11 -10 -9 ------- Run | Scr Mat Mat Traps Triggered 1 | . 1 . Indirectly . | . . . Trap Hack Attempts . | . . . Triggered . | . . . Disarmed . | . . . Reprogrammed . | . . . Reused . | . . . Traps Extracted . | . . . Installed . | . . . Triggered . | . . . Machines | -11 -10 -9 ---------- Run | Scr Mat Mat Machines Disabled 1 | . . 1 Max in Single Turn 1 | . . 1 Machines Sabotaged . | . . . Garrisons Compromised . | . . . Overloaded Fab Kills . | . . . Hacking | -11 -10 -9 --------- Run | Scr Mat Mat Machines Accessed . | . . . Terminals . | . . . Fabricators . | . . . Repair Stations . | . . . Recycling Units . | . . . Scanalyzers . | . . . Garrison Access . | . . . Total Hacks . | . . . Successful . | . . . Failed . | . . . Catastrophic . | . . . Database Lockouts . | . . . Manual 1 | . 1 . Terminals . | . . . Fabricators . | . . . Repair Stations . | . . . Recycling Units . | . . . Scanalyzers . | . . . Garrison Access . | . . . Terminal Hacks . | . . . Fabricator Hacks . | . . . Repair Station Hacks . | . . . Recycling Unit Hacks . | . . . Scanalyzer . | . . . Garrison Access Hacks . | . . . Unauthorized Hacks . | . . . Terminals . | . . . Fabricators . | . . . Repair Stations . | . . . Recycling Units . | . . . Scanalyzers . | . . . Garrison Access . | . . . Data Cores Recovered . | . . . Used . | . . . Hacking Detections . | . . . Full Trace Events . | . . . Feedback Events . | . . . Feedback Blocked . | . . . Robot Schematics Acquired . | . . . Robots Built . | . . . Authchips . | . . . Time . | . . . Total Robot Build Rating . | . . . Part Schematics Acquired . | . . . Parts Built . | . . . Authchips . | . . . Time . | . . . Total Part Build Rating . | . . . Parts Repaired . | . . . Time . | . . . Parts Recycled . | . . . Recycled Matter . | . . . Retrieved Matter . | . . . Retrieved Components . | . . . Parts Scanalyzed . | . . . Part Schematics Acquired . | . . . Parts Damaged . | . . . Bothacking | -11 -10 -9 ------------ Run | Scr Mat Mat Used RIF Installer . | . . . Robots Hacked . | . . . Non-combat . | . . . Combat . | . . . Robot Hacks Applied . | . . . Relay Couplers Released . | . . . Fabnet Peak Effective % . | . . . Robots Rewired . | . . . Allies Hacked . | . . . Hacks Repelled . | . . . Allies | -11 -10 -9 -------- Run | Scr Mat Mat Total Allies . | . . . Largest Group . | . . . Highest-Rated Group . | . . . Highest-Rated Ally . | . . . Total Orders . | . . . Ally Attacks . | . . . Total Damage . | . . . Kills . | . . . Allies Corrupted . | . . . Allies Melted . | . . . Intel | -11 -10 -9 ------- Run | Scr Mat Mat Robot Analysis Total . | . . . Derelict Logs Recovered . | . . . Drone Launches . | . . . Drone Recoveries . | . . . Exploration | -11 -10 -9 ------------- Run | Scr Mat Mat Turns Passed 1111 | 70 305 736 Spaces Moved 387 | 43 131 213 Core 15 | 15 . . Treads 26 | . . 26 Legs 225 | 28 131 66 Wheels . | . . . Hover . | . . . Flight 121 | . . 121 Fastest Speed 50 | 50 120 110 Average Speed 131 | 139 148 119 Slowest Speed 190 | 190 190 190 Overloaded Moves . | . . . Propulsion Burnouts . | . . . Robots Hopped . | . . . Cave-ins Triggered . | . . . Exploration Rate (%) 17 | 5 26 22 Regions Visited 2 Branch Regions . Pre-discovered Areas . | . . . Known Exits Taken . | . . . Unknown Exits Taken 2 | 1 1 . Scrap Searched . | . . . Spaces Dug . | . . . Terrain Destroyed . | . . . Melee . | . . . Projectile . | . . . AOE . | . . . Terrain Rammed . | . . . Walls Destroyed . | . . . Machines Disabled . | . . . Actions | -11 -10 -9 --------- Run | Scr Mat Mat Total 806 | 52 186 568 Wait 250 | . 13 237 Move 385 | 42 130 213 Hop . | . . . Pick Up 27 | 5 7 15 Fast Attach 3 | 3 . . Attach 21 | 2 6 13 Detach . | . . . Swap . | . . . Drop 11 | . 2 9 Fire 109 | . 28 81 Melee . | . . . Ram . | . . . Kick . | . . . Crush . | . . . Escape Stasis . | . . . Rewire . | . . . Trap . | . . . Miscellaneous . | . . . Route ------- -11/Scrapyard -10/Materials (discovered 2 exits: [*Mat] / [*Min]) -9/Materials (discovered 2 exits: [*Min x2]) History --------- Turn | Location | Event 11 | -11/Scrapyard | Discovered new exit (range 16) 71 | -11/Scrapyard | Entered Materials 193 | -10/Materials | Discovered new exit (range 16) 310 | -10/Materials | Build established: Mutant 355 | -10/Materials | Discovered new exit (range 16) 376 | -10/Materials | Entered another Materials area 376 | -9/Materials | Evolved 2 slots: Utility x2 545 | -9/Materials | Lost 3 parts (1p1n1w) 633 | -9/Materials | Discovered new exit (range 18) 875 | -9/Materials | Discovered new exit (range 15) 968 | -9/Materials | Core integrity fell below 50% 1112 | -9/Materials | Self-destructed Last Messages --------------- 01010_ K-01 Serf cleans the Machine. 01012_ K-01 Serf cleans the Repair Station. 01026_ U-05 Engineer builds a Door. 01031_ G-47 Trooper destroyed. 01034_ R-06 Scavenger collects Aluminum Leg. 01036_ Acquired Aluminum Leg. 01038_ R-06 Scavenger collects Particle Gun. 01042_ R-06 Scavenger collects Lgt. Nuclear Core. 01051_ Dropped Aluminum Leg. 01092_ Ion Engine destroyed. 01093_ L-31 Rogue destroyed. 01094_ R-06 Scavenger collects Imp. Aluminum Leg. 01097_ R-06 Scavenger collects Katana. 01101_ R-06 Scavenger collects Aluminum Leg. 01104_ K-01 Serf collects debris. 01105_ R-06 Scavenger collects Imp. Ion Engine. 01108_ R-06 Scavenger collects Particle Gun. 01109_ K-01 Serf collects debris. 01111_ Hvy. Assault Rifle destroyed. 01112_ K-01 Serf collects debris. Map ----- +----------------------------------------------------+ | ???????????????????????????????? | | ????????????????????????????????????????### #### | | ?????????????????????????????????????????????????? | | ?????????????????????????????????????????????????? | | ?????????????????????????????????????######? ????? | | ????????????????????????????????????? ????? | | ????????????????????????????????????? ????? | | ?????????????????????????????????????? ???? | | ???????????????????????????????????????# ??## | | ???????????????????????????????????????# ??#" | | ???????????????????????????????????????# ??#" | | ???????????????????????????????????????# ###" | | ???????????????????????????????????????# | | ???????????????????????????????????????# | | ???????????????????????????????????????# !!= | | ???????????????????????????????????????# !!! | | ???????????????????????????????????????# !=! | | ???????????????????????????????????????# | | ??????????????????????????????????????## | | ??????????????????????#########?????? / | | ??????????????????????# = +??????? # | | ??????????????????????# k #?????????# | | ??????????????????????# " ""k#?????????#!!! ## | | ??????????????????????# "R""r#?????????#!! #? | | ??????????????????????# """ #?????????#!! #? | | ??????????????????????# g@gr #########?# #? | | ??????????????????????#####/## ### #? | | ????????????????????????#=%%% #? | | ????????????????????????# % < #? | | ????????????????????????# " | | ????????????????????????# ##" "## "" # | | ????????????????????? ##" !"| "## "" ## | | ??????????????????? ##"""""""## """ ##? | | ?????????????????? ########### "" #?? | | ????????????????? #?????????# """ +?? | | ???????????????? #?????????# """ #?? | | ????????????????######### ??????????# """ #?? | | ????????????????????????+ ??????????# " #?? | | ????????????????????????# ?????????? #?? | | ????????????????????????# ??????????# #?? | | ????????????????????????# ??????????###+##+###?? | | ????????????????????????# ?????????????????????? | | ????????????????????????# ?????????????????????? | | ????????????????????????# ?????????????????????? | | ?????????????????????????????????????????????????? | | ?????????????????????????????????????????????????? | | ?????????????????????????????????????????????????? | | ?????????????????????????????????????????????????? | | ?????????????????????????????????????????????????? | | ?????????????????????????????????????????????????? | +----------------------------------------------------+ Best States ------------- Heat Dissipation 28 Energy Generation 10 Energy Capacity 250 Matter Stores 300 Matter Capacity 300 Sight Range 18 Terrain Scan Density 10 ECM Strength 1 Additional Mass Support 6 Evasion (%) 55 Recoil Reduction 1 Item Schematics ----------------- None Robot Schematics ------------------ None Fabricated ------------ Nothing Alien Tech Used ----------------- None Achievements -------------- None Challenges ------------ None Game ------ Seed DataRestorationRigger Manual? 0 Play Time 00:11:34 Cumulative 11.2 hours Start 2022.09.23 @ 15:21:13 End 2022.09.23 @ 15:33:49 Sessions 1 Manual Loads 0 Difficulty Rogue Special Mode None Game No. 32 Rogue 32 Adventurer 0 Explorer 0 Win Type - Total 0 Types 0/0/0/0/0/0/0/0/0 Lore% 8 Gallery% 17 Achievement% 14 Wizard Run 0 Options --------- ASCII 0 Keyboard 0 Movement Mouse Keybinds 0 Fullscreen 1 Font 24/Crisp Map View 76x50 Tactical HUD 1 Map Filters NONE Filters NONE Steam 1 RUN: a8c7b19a-85a8-4b94-8d96-f10c05981998